 Dungeon Crawl Stone Soup version 0.26.0-16-gc1dbca0489 (webtiles) character file.

Game seed: 764708160511737141

35 Tocho the Sneak (level 3, 0/19 HPs)
             Began as a Kobold Enchanter on Jan 19, 2021.
             Succumbed to an adder's poison
             ... on level 2 of the Dungeon.
             The game lasted 00:03:51 (2050 turns).

Tocho the Sneak (Kobold Enchanter)                  Turns: 2050, Time: 00:03:52

Health: 0/19       AC:  2    Str:  5    XL:     3   Next: 52%
Magic:  2/6        EV: 15    Int: 17    God:
Gold:   30         SH:  0    Dex: 15    Spells: 4/7 levels left

rFire    + . .     SeeInvis .   a - +1 dagger
rCold    . . .     Faith    .   (shield restricted)
rNeg     . . .     Spirit   .   b - +0 robe
rPois    .         Reflect  .   (no helmet)
rElec    .         Harm     .   g - scarf {shadows}
rCorr    .         Rampage  .   (no gloves)
Will     .....                  (no boots)
Stlth    ++++......             (no amulet)
HPRegen  0.06/turn              e - ring of protection from fire
MPRegen  0.10/turn              (no ring)

@: lethally poisoned (0 -> -11)
A: small, nightstalker 3
a: no special abilities


You were on level 2 of the Dungeon.
You visited 1 branch of the dungeon, and saw 2 of its levels.

You collected 30 gold pieces.

Inventory:

Hand Weapons
 a - a +1 dagger (weapon)
Missiles
 f - 7 poisoned darts
Armour
 b - a +0 robe (worn)
 g - a scarf of shadows (worn)
Jewellery
 e - a ring of protection from fire (left hand)
Scrolls
 c - a scroll of fog {unknown}
 d - a scroll of identify {unknown}


   Skills:
 + Level 2.1 Short Blades
 + Level 2.7 Dodging
 + Level 4.7 Stealth
 + Level 2.5 Spellcasting
 + Level 3.2 Hexes
 + Level 0.3 Ice Magic


You had 4 spell levels left.
You knew the following spells:

 Your Spells              Type           Power        Failure   Level
a - Corona                Hex            6%           4%          1
b - Ensorcelled Hibernat  Hex/Ice        8%           13%         2

Your spell library contained the following spells:

 Spells                   Type           Power        Failure   Level
 Confusing Touch          Hex            6%           14%         3
 Tukima's Dance           Hex            6%           14%         3
 Dazzling Flash           Conj/Hex       6%           28%         3


Dungeon Overview and Level Annotations

Branches:
Dungeon (2/15)

Altars:


Innate Abilities, Weirdness & Mutations

You are small and have problems with some larger weapons.
You are completely attuned to the shadows.


Message History

The adder poisons you!
The kobold throws a stone.
The stone closely misses you.
You feel sick.
The kobold throws a stone.
The stone barely misses you. The adder bites you.
You feel sick.
* * * LOW HITPOINT WARNING * * *
You feel sick.
You aren't carrying any potions.
You hit the adder.
The adder is heavily wounded.
The adder barely misses you. The adder bites you.
* * * LOW HITPOINT WARNING * * *
You are more poisoned.
The adder poisons you!
You hit the adder.
The adder is severely wounded.
* * * LOW HITPOINT WARNING * * *
You feel sick. The adder barely misses you.
You closely miss the adder.
The adder is severely wounded.
You die...

#$♣ ♣P..# #.
♣PP.#
#P♣♣P♣P(##
#.♣P♣...#
##.(....#
###.....#
........#
#######.....##
.....@SK......
##.###.....##
#.# #.....#
#♣♣.# #(....#
♣P..♣ #######
♣P..♣♣♣
♣P..♣.♣
♣P.).P♣♣♣
♣..P...P♣


You could see an adder and a kobold.

Vanquished Creatures
  An ooze (D:1)
  A leopard gecko (D:1)
  3 ball pythons (D:1)
  3 giant cockroaches
  3 goblins (D:1)
  2 hobgoblins
  4 kobolds
  6 bats (D:1)
  A frilled lizard (D:1)
  3 rats (D:1)
27 creatures vanquished.

Vanquished Creatures (others)
  2 plants (D:2)
2 creatures vanquished.

Grand Total: 29 creatures vanquished

Notes
Turn   | Place    | Note
-------+----------+-------------------------------------------
     0 | D:1      | Tocho the Kobold Enchanter began the quest for the Orb.
     0 | D:1      | Reached XP level 1. HP: 10/10 MP: 3/3
     2 | D:1      | Noticed a demigod
     4 | D:1      | Noticed a halfling
     4 | D:1      | Noticed an elf
     8 | D:1      | Noticed a dwarf
     8 | D:1      | Noticed a centaur
    10 | D:1      | Noticed a troll
    10 | D:1      | Noticed a minotaur
    12 | D:1      | Noticed an ogre
    12 | D:1      | Noticed a tengu
    14 | D:1      | Noticed a gargoyle
    14 | D:1      | Noticed a ghoul
    16 | D:1      | Noticed an octopode
    16 | D:1      | Noticed a human
    18 | D:1      | Noticed a formicid
    18 | D:1      | Noticed a draconian
    20 | D:1      | Noticed a vampire
    20 | D:1      | Noticed a felid
    22 | D:1      | Noticed a spriggan
    22 | D:1      | Noticed a vine stalker
    24 | D:1      | Noticed a demonspawn
    24 | D:1      | Noticed a naga
    26 | D:1      | Noticed a merfolk
   602 | D:1      | Reached XP level 2. HP: 14/15 MP: 3/5
   605 | D:1      | Learned a level 2 spell: Ensorcelled Hibernation
  1101 | D:1      | Reached XP level 3. HP: 19/19 MP: 6/6
  2050 | D:2      | Succumbed to an adder's poison

Illustrated notes

Levels and vault maps discovered:
D:1:      kb_arrival_jail, layout_basic
D:2:      layout_basic, serial_forest, infiniplex_forest_clump_curved,
          infiniplex_forest_straight_2, infiniplex_forest_clump_medium,
          infiniplex_forest_side_room, infiniplex_forest_clump_cross,
          infiniplex_forest_zigzag_2, infiniplex_forest_clump_curved,
          infiniplex_forest_clump_large, nicolae_qazlal_eye_of_the_storm

Skill      XL: |  1  2  3 |
---------------+----------+-----
Short Blades   | 2 |  2.1
Dodging        | |  2.7
Stealth        | |  4.7
Spellcasting   | |  2.5
Hexes          | |  3.2
Ice Magic      | |  0.3

Action                   || total
-------------------------++-------
Melee: Dagger            ||    70
 Cast: Corona            ||     7
       Ensorcelled Hiber ||     9
 Stab: Sleeping          ||    20
Armor: Robe              ||    10
Dodge: Dodged            ||    54
